cohdb
Replays
Latest Replays
All Replays
Popular Replays
Top Player Replays
Match Explorer
How It Works
Community
CoH3 Stats
Reddit
Sign in to upload your games and track your stats! →
Sign in with Steam
Match 41660598
Unlisted
Match 41660598
Overview
Messages
Build Orders
End
Kradschützen Motorcycle Team
Selects Battlefield Espionage Battlegroup
Panzergrenadier Squad
Panzergrenadier Squad
Selects 250/3 Funkpanzerwagen
250/3 Funkpanzerwagen
Panzergrenadier Squad
Construct Light Support Kompanie
2.5-tonne Medical Truck
MG34 Team
Panzerjäger Mechanized Group
Fire Support Elements
Selects Anti-Tank Incendiary Munitions
Flakvierling Half-track
Pak 38 Anti-tank Gun Team
سَۨفُـيٰانۨوٰس
he565
0
0
Comments
sign in to comment!
No comments posted yet!